 Dungeon Crawl Stone Soup version 0.30-a0-222-ge547ba4400 (webtiles) character file.

Game seed: 6129516562235356421

41503 Morbidden the Carver (level 14, 0/64 HPs)
             Began as a Vine Stalker Brigand on Oct 9, 2022.
             Was a High Priest of Hepliaklqana.
             Killed from afar by a fire dragon (29 damage)
             ... with a blast of flame
             ... on level 5 of the Lair of Beasts.
             The game lasted 00:35:18 (16050 turns).

Morbidden the Carver (Vine Stalker Brigand)        Turns: 16050, Time: 00:35:18

Health: 0/64       AC: 27    Str: 19    XL:     14   Next: 15%
Magic:  0/25       EV: 15    Int: 22    God:    Hepliaklqana [*****.]
Gold:   795        SH:  5    Dex: 12    Spells: 16/27 levels left

rFire   . . .      SeeInvis .    a - +9 sword of Zonguldrok {reap}
rCold   + + +      Faith    .    T - +0 buckler
rNeg    . . .      Spirit   +    N - +6 ice dragon scales "Vuqaafouhi" {rF- rC++ Will+++ Int+4 Dex-4}
rPois   .          Reflect  .    G - +2 helmet
rElec   .          Harm     .    l - scarf {rC+ rF+}
rCorr   .          Rampage  .    U - +1 pair of gloves
Will    ++++.                    n - +0 pair of boots
Stlth   +++.......               (no amulet)
HPRegen 1.10/turn                u - +4 ring of protection
MPRegen 0.19/turn                k - ring "Foff" {EV+4 Str+4 Int+3 Stlth+}

@: no status effects
A: reduced essence, fangs 3, regeneration 1, magic shield, antimagic bite, no
potion heal 2
a: Renounce Religion, Recall Ancestor, Ancestor Identity, Transference, Idealise


You were on level 5 of the Lair of Beasts.
You worshipped Hepliaklqana.
Hepliaklqana was extremely pleased with you.
You visited 2 branches of the dungeon, and saw 16 of its levels.

You collected 1400 gold pieces.
You spent 605 gold pieces at shops.

Inventory:

Hand Weapons
 a - the +9 sword of Zonguldrok (weapon) {reap}
   (You found it on level 4 of the Lair of Beasts)

   Any living foe damaged by it may be reanimated upon death as a zombie
   friendly to the wielder, with an increasing chance as more damage is dealt.
 b - the +5 falchion "Cangiwn" {vorpal, MP+9}
   (You found it on level 9 of the Dungeon)

   It inflicts extra damage upon your enemies.
   MP:        It affects your magic capacity (+9).
 Z - a +0 dagger of venom
Missiles
 d - 36 poisoned darts
 e - 2 curare-tipped darts
 L - a throwing net
 Q - 5 atropa-tipped darts
 R - 3 boomerangs (quivered)
Armour
 l - a scarf of resistance (worn)
 n - a +0 pair of boots (worn)
 C - the +1 cloak "Yjosiov" {rF- rC+ rCorr}
   (You found it on level 5 of the Dungeon)

   rF:        It makes you vulnerable to fire.
   rC:        It protects you from cold.
   rCorr:     It protects you from acid and corrosion.
 G - a +2 helmet (worn)
 N - the +6 ice dragon scales "Vuqaafouhi" (worn) {rF- rC++ Will+++ Int+4 Dex-4}
   (You found it on level 9 of the Dungeon)

   Int:       It affects your intelligence (+4).
   Dex:       It affects your dexterity (-4).
   rF:        It makes you vulnerable to fire.
   rC:        It greatly protects you from cold.
   Will:      It greatly increases your willpower.
 P - the +1 scale mail of Bellicose Curiosity {rPois rN+ Regen+ Dex+2}
   (You found it on level 2 of the Lair of Beasts)

   Dex:       It affects your dexterity (+2).
   rPois:     It protects you from poison.
   rN:        It protects you from negative energy.
   Regen:     It increases your rate of health regeneration.
 T - a +0 buckler (worn)
 U - a +1 pair of gloves (worn)
Jewellery
 k - the ring "Foff" (right hand) {EV+4 Str+4 Int+3 Stlth+}
   (You bought it in a shop on level 1 of the Dungeon)

   [ring of evasion]

   EV:        It affects your evasion (+4).
   Str:       It affects your strength (+4).
   Int:       It affects your intelligence (+3).
   Stlth:     It makes you more stealthy.
 u - a +4 ring of protection (left hand)
 z - a ring of protection from cold
 B - a ring of poison resistance
 I - the ring "Tivo" {Fly Dex+4}
   (You found it on level 7 of the Dungeon)

   [ring of flight]

   Dex:       It affects your dexterity (+4).
   Fly:       It grants you flight.
 M - a ring of fire
Wands
 y - a wand of flame (20)
 S - a wand of iceblast (7)
 X - a wand of polymorph (4)
Scrolls
 f - 6 scrolls of fear
 h - 7 scrolls of identify
 i - 3 scrolls of fog
 o - a scroll of summoning
 p - a scroll of blinking
 s - 2 scrolls of enchant weapon {unknown}
 w - 6 scrolls of teleportation {unknown}
 D - 2 scrolls of amnesia {unknown}
 H - 3 scrolls of magic mapping {unknown}
 Y - a scroll of silence {unknown}
Potions
 c - 2 potions of berserk rage {unknown}
 g - a potion of invisibility {unknown}
 j - a potion of ambrosia {unknown}
 m - 3 potions of brilliance {unknown}
 q - 11 potions of curing
 r - 8 potions of heal wounds {unknown}
 t - a potion of cancellation {unknown}
 v - a potion of resistance {unknown}
 x - 7 potions of haste
 A - 5 potions of might {unknown}
 E - 2 potions of flight {unknown}
 F - 6 potions of mutation {unknown}
 J - 2 potions of degeneration {unknown}
 K - 2 potions of lignification {unknown}
 V - 3 potions of magic {unknown}
 W - a potion of attraction
Miscellaneous
 O - a tin of tremorstones (2/2)


   Skills:
 * Level 7.5 Fighting
 * Level 7.9(9.8) Short Blades
 * Level 9.1(10.4) Long Blades
 + Level 4.5 Throwing
 * Level 4.1 Armour
 * Level 6.7 Dodging
 + Level 8.7 Stealth
 * Level 4.0 Shields
 * Level 7.0 Spellcasting
 * Level 7.3 Conjurations
 * Level 2.9 Necromancy
 * Level 2.7 Air Magic
 * Level 6.2 Earth Magic
 * Level 6.3 Invocations
 + Level 0.1 Evocations


You had 16 spell levels left.
You knew the following spells:

 Your Spells              Type           Power      Damage    Failure   Level
a - Stone Arrow           Conj/Erth      74%        3d11      7%          3
b - Airstrike             Air            9%         2d(2-18)  77%         4
c - Dispel Undead         Necr           20%        3d11      75%         4

Your spell library contained the following spells:

 Spells                   Type           Power      Damage    Failure   Level
 Magic Dart               Conj           100%       1d8       1%          1
 Sandblast                Erth           70%        2d15      3%          1
 Kiss of Death            Conj/Necr      100%       2d13      4%          1
 Passwall                 Tmut/Erth      17%        N/A       16%         2
 Mephitic Cloud           Conj/Pois/Air  22%        N/A       28%         3
 Vampiric Draining        Necr           20%        2d7       34%         3
 Slow                     Hex            28%        N/A       36%         1
 Call Imp                 Summ           7%         N/A       50%         2
 Ensorcelled Hibernation  Hex/Ice        14%        N/A       50%         2
 Animate Armour           Summ/Erth      42%        N/A       71%         4
 Confusing Touch          Hex            7%         N/A       75%         3
 Spider Form              Tmut/Pois      7%         N/A       75%         3
 Summon Guardian Golem    Hex/Summ       7%         N/A       75%         3
 Tukima's Dance           Hex            7%         N/A       75%         3
 Lightning Bolt           Conj/Air       15%        1d29      80%         5
 Anguish                  Hex/Necr       7%         N/A       91%         4
 Summon Lightning Spire   Summ/Air       13%        N/A       91%         4
 Passage of Golubria      Tloc           7%         N/A       98%         4
 Yara's Violent Unravell  Hex/Tmut       3%         3d4       100%        5
 Orb of Destruction       Conj           20%        9d8       100%        7
 Spellforged Servitor     Conj/Summ      11%        N/A       100%        7
 Lehudib's Crystal Spear  Conj/Erth      18%        10d6      100%        8


Dungeon Overview and Level Annotations

Branches:
Dungeon (11/15)            Temple (0/1) D:7            Lair (5/5) D:9
  Swamp (0/4) Lair:2        Snake (0/4) Lair:2        Slime (0/5) Lair:5
    Orc (0/2) D:11

Altars:
Cheibriados
Elyvilon
Fedhas
Hepliaklqana
Kikubaaqudgha
Makhleb
Nemelex Xobeh
Trog
Vehumet
Wu Jian
Xom
Yredelemnul
The Shining One
Jiyva

Shops:
D:1 =   D:5 =   D:7 ([

Annotations:
D:5 exclusion: statue
D:6 3 runed translucent doors, kelmiir's ghost, novice GnEE
D:8 3 runed translucent doors, Smoky173's ghost, novice MiFi
D:11 exclusion: orange crystal statue
Lair:3 3 runed translucent doors, caelrath's ghost, journeyman DrIE
Lair:4 1 runed translucent door, Yrojinka's ghost, journeyman MiDe


Innate Abilities, Weirdness & Mutations

Your life essence is reduced to manifest your ancestor. (-10% HP)
You have razor-sharp teeth.
Your natural rate of healing is unusually fast.
When hurt, damage is shared between your health and your magic reserves.
Your bite disrupts and absorbs the magic of your enemies.
Potions cannot restore your health.


Message History

The fire dragon tramples your steam dragon zombie.
Your steam dragon zombie is shoved backwards!
Your wyvern zombie bites the fire dragon.
Your lava snake zombie closely misses the fire dragon.
Unknown command.
Your wyvern zombie barely misses the fire dragon.
Your lava snake zombie bites the fire dragon but does no damage.
The fire dragon closely misses your lava snake zombie.
The fire dragon claws your lava snake zombie.
The fire dragon tramples your lava snake zombie.
Your lava snake zombie holds its ground!
Your steam dragon zombie closely misses the fire dragon.
Your steam dragon zombie claws the fire dragon but does no damage.
Unknown command.
Unknown command.
Your wyvern zombie bites the fire dragon but does no damage.
Your lava snake zombie bites the fire dragon but does no damage.
The fire dragon barely misses your lava snake zombie.
The fire dragon claws your lava snake zombie!
The fire dragon tramples your lava snake zombie!
Your lava snake zombie holds its ground!
Your lava snake zombie is destroyed!
Your lava snake zombie closely misses the fire dragon.
Your steam dragon zombie closely misses the fire dragon.
Your steam dragon zombie barely misses the fire dragon.
Unknown command.
Your wyvern zombie bites the fire dragon but does no damage.
The fire dragon bites your steam dragon zombie.
The fire dragon claws your steam dragon zombie!
The fire dragon tramples your steam dragon zombie!
Your steam dragon zombie is shoved backwards!
Your steam dragon zombie is destroyed!
Your yak zombie gores the fire dragon but does no damage.
Nhalahla is still trapped in memory!
Unknown command.
Unknown command.
Your wyvern zombie bites the fire dragon.
The fire dragon breathes flames at you. The blast of flame hits you!!!
You die...

###......†...###
###..##.......#
##.........###
#####..PP..##
#....?....###§§
##########...# #........##
#§§###8#8#### #####
##........# #≈≈≈§§≈§§#.##
#........## ###≈§≈..§§≈≈≈##
##.....###
###§§≈§...§.§≈≈§## ###.###
##≈≈≈§..........≈≈§ ###
####....@..........#
###..........Z≈..≈..##
.............≈≈Z.≈≈### ≈§#
#.........#§§≈DZZ≈≈§≈# ##§.
###......#§§§##Z'##≈≈≈##...
##.....#≈.##....##≈##....
#......≈.#......# #.....
#...†..§§#......#≈#.....
#8#......#≈#......#§§.....


You could see a fire dragon (catching breath, ally target), a friendly komodo
dragon zombie, 2 friendly yak zombies, a friendly wyvern zombie and a friendly
lava snake zombie.

Vanquished Creatures
  A two-headed ogre (D:9)
  2 boulder beetles (D:11)
  Amaemon (Lair:1)
  An orc knight (D:9)
  6 elephants
  An orange demon (Lair:1)
  6 black mambas
  4 cane toads
  A gargoyle (D:10)
  6 komodo dragons
  3 trolls
  A dream sheep (Lair:5)
  3 polar bears
  A hornet (D:9)
  22 blink frogs
  A vampire (D:11)
  A black mamba zombie (Lair:5)
  2 wraiths
  A human (shapeshifter) (D:9)
  9 wyverns
  34 yaks
  3 basilisks
  3 steam dragons
  A naga (Lair:2)
  6 water moccasins
  4 hell hounds (Lair:5)
  A sky beast (D:6)
  A meliai simulacrum (D:10)
  5 orc warriors
  5 ice beasts
  2 black bears (D:8)
  2 ogres
  3 boggarts (D:10)
  2 centaurs
  15 wolves
  4 kobold brigands
  A phantom (D:5)
  4 bullfrogs
  3 gnoll sergeants
  2 necrophages (D:7)
  3 scorpions
  4 wights (D:9)
  5 killer bees (D:9)
  5 electric eels
  4 lava snakes (Lair:5)
  2 centaur zombies (D:7)
  2 hounds
  9 orc priests
  A gnoll bouda (D:8)
  10 orc wizards
  3 iguanas
  3 hell rats (Lair:5)
  Robin (D:3)
  11 gnolls
  6 adders
  5 white imps (D:10)
  An ufetubus (D:4)
  A dart slug (D:2)
  A worm (D:5)
  45 orcs
  8 endoplasms
  4 giant cockroaches
  18 goblins
  14 hobgoblins
  5 jackals (D:2)
  13 kobolds
  A quokka (D:4)
  7 ball pythons
  2 bats (D:1)
  3 frilled lizards
  4 rats
375 creatures vanquished.

Vanquished Creatures (collateral kills)
  2 two-headed ogres
  A lindwurm (Lair:5)
  2 elephants
  A black mamba (Lair:2)
  2 cane toads
  2 molten gargoyles (Lair:5)
  2 rime drakes (Lair:5)
  A kobold demonologist (D:11)
  3 komodo dragons
  6 blink frogs
  A centaur simulacrum (D:10)
  3 dream sheep (Lair:5)
  A vampire (D:9)
  2 wyverns
  9 yaks
  3 basilisks (Lair:5)
  A golden eye (shapeshifter) (D:9)
  A naga (Lair:2)
  2 water moccasins
  A hell hound (Lair:5)
  2 orc warriors (D:11)
  6 wolves
  A centaur (D:9)
  3 bullfrogs
  3 necrophages (D:7)
  A wight (D:9)
  3 killer bees (D:9)
  2 howler monkeys (D:9)
  A lava snake (Lair:5)
  4 orc wizards
  A hell rat (Lair:5)
  2 gnolls (D:10)
  A shadow imp (D:8)
  A white imp (D:5)
  6 orcs
  A kobold (D:8)
  A bush (D:7)
  A butterfly (Lair:2)
86 creatures vanquished.

Vanquished Creatures (others)
  2 black mamba zombies (Lair:5)
  3 blink frog zombies (Lair:5)
  A komodo dragon zombie (Lair:5)
  2 hell hound zombies (Lair:5)
  A wyvern zombie (Lair:5)
  A yak zombie (Lair:5)
  2 wolf zombies (Lair:5)
  16 hexers
  A hell rat zombie (Lair:5)
  A steam dragon zombie (Lair:5)
  2 lava snake zombies (Lair:5)
  3 bushes (Lair:5)
  26 fungi
  46 plants
  3 withered plants (D:9)
110 creatures vanquished.

Grand Total: 571 creatures vanquished

Notes
Turn   | Place    | Note
-------+----------+-------------------------------------------
     0 | D:1      | Morbidden the Vine Stalker Brigand began the quest for the
                  | Orb.
     0 | D:1      | Reached XP level 1. HP: 11/11 MP: 2/2
   168 | D:1      | Reached skill level 5 in Stealth
   304 | D:1      | Reached XP level 2. HP: 15/15 MP: 3/3
   670 | D:1      | Found Gal Uvvo's Jewellery Emporium.
   743 | D:1      | Reached XP level 3. HP: 11/18 MP: 3/5
   961 | D:2      | Reached skill level 1 in Dodging
  1010 | D:2      | Found a faded altar of an unknown god.
  1707 | D:2      | Learned a level 3 spell: Stone Arrow
  1806 | D:3      | Gained mutation: Your natural rate of healing is unusually
                  | fast. [Vine Stalker growth]
  1806 | D:3      | Reached XP level 4. HP: 23/23 MP: 6/6
  1827 | D:3      | Noticed Robin
  1871 | D:3      | Reached skill level 1 in Spellcasting
  2200 | D:3      | Found a glowing golden altar of the Shining One.
  2275 | D:3      | Killed Robin
  2511 | D:2      | Reached skill level 1 in Long Blades
  2511 | D:2      | Reached XP level 5. HP: 26/26 MP: 7/7
  2816 | D:4      | Found an ornate altar of the Wu Jian Council.
  3132 | D:4      | Found a hazy altar of Hepliaklqana.
  3140 | D:4      | Reached XP level 6. HP: 30/30 MP: 7/9
  3211 | D:4      | Reached skill level 1 in Conjurations
  3246 | D:4      | Became a worshipper of Hepliaklqana the Forgotten
  3434 | D:5      | Entered Level 5 of the Dungeon
  3434 | D:5      | Noticed a wyvern
  3435 | D:5      | Killed a wyvern
  3436 | D:5      | Reached skill level 1 in Earth Magic
  3482 | D:5      | Reached XP level 7. HP: 34/35 MP: 10/10
  3704 | D:5      | Reached skill level 1 in Invocations
  3706 | D:5      | Found a radiant altar of Vehumet.
  3714 | D:5      | Identified the +1 cloak "Yjosiov" {rF- rC+ rCorr}
  3742 | D:5      | Found Paziurun's Jewellery Emporium.
  3909 | D:5      | Gained mutation: You have razor-sharp teeth. [Vine Stalker
                  | growth]
  3909 | D:5      | Reached XP level 8. HP: 32/39 MP: 7/12
  3988 | D:5      | Reached skill level 2 in Long Blades
  4197 | D:5      | Reached * piety under Hepliaklqana
  4393 | D:6      | Found a runed translucent gate.
  4393 | D:6      | Found a runed translucent gate.
  4538 | D:6      | Found a sparkling altar of Nemelex Xobeh.
  4740 | D:6      | Found a runed translucent gate.
  4742 | D:6      | Noticed kelmiir's ghost (novice GnEE)
  4820 | D:6      | Found a shimmering altar of Xom.
  5304 | D:7      | Found Keake's Antique Weapon Boutique.
  5389 | D:7      | Reached ** piety under Hepliaklqana
  5394 | D:7      | Remembered your ancestor Nhalahla as a hexer
  5447 | D:7      | Reached XP level 9. HP: 37/39 MP: 14/14
  5524 | D:7      | Found a staircase to the Ecumenical Temple.
  5630 | D:7      | Found Vuqoalinn's Antique Armour Boutique.
  5645 | D:7      | Identified the ring "Tivo" {Fly Dex+4}
  5929 | D:7      | Found a blossoming altar of Fedhas.
  5972 | D:7      | Reached skill level 5 in Short Blades
  6060 | D:8      | Identified the +7 quarterstaff of Iwneul {spect, Str+2
                  | Int+3}
  6204 | D:8      | Found a bloodstained altar of Trog.
  6268 | D:8      | Found a runed translucent gate.
  6268 | D:8      | Found a runed translucent gate.
  6268 | D:8      | Found a runed translucent gate.
  6440 | D:8      | Reached skill level 3 in Long Blades
  6645 | D:8      | Noticed Smoky173's ghost (novice MiFi)
  6784 | D:9      | Identified the +6 ice dragon scales "Vuqaafouhi" {rF- rC++
                  | Will+++ Int+4 Dex-4}
  6791 | D:9      | Identified the +3 scale mail of Peek-a-Boo {Will+}
  6800 | D:9      | Identified the +5 falchion "Cangiwn" {vorpal, MP+9}
  6859 | D:9      | Noticed a two-headed ogre
  6861 | D:9      | Noticed a two-headed ogre
  6879 | D:9      | Noticed a hornet
  6914 | D:9      | Killed a two-headed ogre
  6915 | D:9      | Reached XP level 10. HP: 44/44 MP: 16/16
  7098 | D:9      | Identified the +9 quarterstaff "Achacsai" {venom, *Corrode
                  | Int+4 Dex+2}
  7128 | D:9      | Found a burning altar of Makhleb.
  7143 | D:9      | Reached *** piety under Hepliaklqana
  7363 | D:9      | Reached skill level 4 in Long Blades
  7500 | D:9      | Killed a two-headed ogre
  7501 | D:9      | Reached skill level 1 in Armour
  7524 | D:9      | Found an ancient bone altar of Kikubaaqudgha.
  7631 | D:9      | Paralysed by a hornet for 1 turns
  7727 | D:9      | Reached skill level 5 in Long Blades
  7911 | D:9      | Found a staircase to the Lair.
  7920 | D:9      | Found a snail-covered altar of Cheibriados.
  7922 | D:9      | Found a basalt altar of Yredelemnul.
  8147 | D:9      | Noticed an orc knight
  8155 | D:9      | Reached XP level 11. HP: 43/48 MP: 18/18
  8175 | D:9      | Killed an orc knight
  8276 | D:9      | Found a white marble altar of Elyvilon.
  8400 | D:10     | Entered Level 10 of the Dungeon
  8481 | D:10     | Reached skill level 5 in Fighting
  8615 | D:10     | Identified a scroll of acquirement
  8615 | D:10     | Acquired 478 gold pieces
  8811 | D:1      | Bought the ring "Foff" {EV+4 Str+4 Int+3 Stlth+} for 605
                  | gold pieces
  9109 | D:10     | Reached skill level 5 in Dodging
  9277 | D:10     | Reached skill level 5 in Conjurations
  9367 | D:10     | Reached skill level 1 in Shields
  9635 | D:10     | Identified the +3 lajatang of the Silent Majority {vorpal,
                  | Fragile rN++ Str+3}
  9959 | D:11     | Noticed a two-headed ogre
  9964 | D:11     | Killed a two-headed ogre
  9965 | D:11     | Reached skill level 5 in Spellcasting
  9998 | D:11     | Reached skill level 6 in Long Blades
 10006 | D:11     | Noticed an orange crystal statue
 10008 | D:11     | Reached **** piety under Hepliaklqana
 10204 | D:11     | Noticed a boulder beetle
 10220 | D:11     | Killed a boulder beetle
 10221 | D:11     | Reached XP level 12. HP: 54/54 MP: 20/20
 10227 | D:11     | Reached skill level 5 in Earth Magic
 10359 | D:11     | Noticed a boulder beetle
 10375 | D:11     | Killed a boulder beetle
 10376 | D:11     | Reached skill level 5 in Invocations
 10515 | D:11     | Found a staircase to the Orcish Mines.
 10835 | D:11     | Identified the +3 ring mail of Cehet {+Inv Fly Str+5
                  | Stlth-}
 11032 | Lair:1   | Entered Level 1 of the Lair of Beasts
 11314 | Lair:1   | Reached skill level 7 in Long Blades
 12164 | Lair:1   | Noticed Amaemon
 12211 | Lair:1   | Killed Amaemon
 12308 | Lair:1   | Reached ***** piety under Hepliaklqana
 12542 | Lair:2   | Found a staircase to the Swamp.
 12574 | Lair:2   | Reached XP level 13. HP: 57/58 MP: 23/23
 12594 | Lair:2   | Learned a level 4 spell: Airstrike
 12599 | Lair:2   | Learned a level 4 spell: Dispel Undead
 12679 | Lair:2   | Identified the +1 scale mail of Bellicose Curiosity {rPois
                  | rN+ Regen+ Dex+2}
 12897 | Lair:2   | Reached skill level 8 in Long Blades
 12931 | Lair:2   | Found a staircase to the Snake Pit.
 13548 | Lair:3   | Found a runed translucent gate.
 13548 | Lair:3   | Found a runed translucent gate.
 13548 | Lair:3   | Found a runed translucent gate.
 13552 | Lair:3   | Noticed caelrath's ghost (journeyman DrIE)
 13856 | Lair:3   | Reached skill level 1 in Air Magic
 14066 | Lair:3   | Reached skill level 1 in Necromancy
 14299 | Lair:3   | Found the +15 Maxwell's patent armour {-Cast -Tele rElec
                  | Will+ rCorr}
 14610 | Lair:3   | Found a viscous altar of Jiyva.
 14643 | Lair:4   | Found a runed translucent door.
 14645 | Lair:4   | Noticed Yrojinka's ghost (journeyman MiDe)
 14944 | Lair:4   | Found the +9 sword of Zonguldrok {reap}
 15584 | Lair:5   | Entered Level 5 of the Lair of Beasts
 15786 | Lair:5   | Found a staircase to the Slime Pits.
 15837 | Lair:5   | Found a viscous altar of Jiyva.
 15912 | Lair:5   | Reached XP level 14. HP: 31/64 MP: 13/25
 15947 | Lair:5   | Found a large runed translucent door.
 15975 | Lair:5   | Reached skill level 9 in Long Blades
 16031 | Lair:5   | Found a large runed translucent door.
 16050 | Lair:5   | Killed from afar by a fire dragon

Illustrated notes

Levels and vault maps discovered:
D:1:      spicycebolla_green_bress_n_ham, layout_loops_corners, serial_shops,
          nicolae_shop_behind_doors, kennysheep_nondescript
D:2:      layout_basic, hellmonk_ecumenical_altar_inner_sanctum,
          kennysheep_generic_room_12
D:3:      layout_rooms, marbit_many_paths, kennysheep_generic_room_11,
          uniq_robin
D:4:      layout_rooms, nicolae_wu_jian_wuxing_cycle, lemuel_tele_altar
D:5:      layout_gridville, vehumet_statue, serial_shops, shop, serial_glass,
          glass_columns_b, glass_columns_a, glass_columns_a, glass_columns_a,
          glass_columns_c, glass_columns_a, feat_on_display,
          due_unseen_surprise, minmay_strange_pillars
D:6:      layout_cave_pods, mainiacjoe_overflow_concentric_impassable, tgw_xom,
          gammafunk_ghost_necromancy
D:7:      layout_loops_ring, fedhas_altar_decomposition,
          minmay_temple_entry_stoned_glass, serial_shops,
          nicolae_shop_overgrown_old_shop, grunt_ministairs_2,
          nicolae_take_the_stairs, nrook_campfire
D:8:      layout_rooms, trog_ov_bears_minmay, gammafunk_ghost_icy,
          kennysheep_generic_room_16
D:9:      minmay_the_grid_plus [minmay_the_grid_minigrid_medium,
          minmay_the_grid_box_x, minmay_the_grid_zigzag_pyramid,
          minmay_the_grid_armoury, minmay_the_grid_prize_diamond_cup],
          layout_basic, mainiacjoe_overflow_alcove_2,
          mainiacjoe_overflow_six_doors_small,
          mainiacjoe_overflow_catwalk_spiral, kiku_gazebo_garden_becter
D:10:     layout_loops_ring, serial_ice, serial_ice_d, serial_ice_g,
          serial_ice_j, serial_ice_f, serial_ice_n, serial_ice_b, serial_ice_c,
          serial_ice_a, kennysheep_generic_room_2
D:11:     minmay_evil_eye, layout_irregular_city, serial_bayou_pond_c,
          amethyst_killhole, minivault_16
Lair:1:   layout_cave_pods, grunt_megastairs_2, uniq_amaemon
Lair:2:   layout_cave_pods, swamp_mist, guppyfry_snake_entry_island,
          lemuel_fruit_fields, serial_bayou_shore_b,
          infiniplex_staircase_pool_2, lemuel_fruit_tree
Lair:3:   layout_loops_ring, gammafunk_ghost_ooze, dreamdust_deal_with_the_devil
Lair:4:   layout_regular_city, ebering_ghost_inner_flame, serial_bayou_shore_a
Lair:5:   cheibrodos_lair_end_hotspot, layout_loops_ring, slime_entry_1,
          fungi_pond_lemuel, minmay_hedge_maze, serial_bayou_shore_b

Skill      XL: |  1  2  3  4  5  6  7  8  9 10 11 12 13 14 |
---------------+-------------------------------------------+-----
Stealth        | 5 6 7 8 |  8.7
Fighting       | 2 3 4 5 6 7 |  7.5
Short Blades   | 2 3 4 6 7 |  7.9
Dodging        | 1 2 3 4 5 6 |  6.7
Spellcasting   | 1 2 3 4 5 6 7 |  7.0
Long Blades    | 1 2 3 5 6 7 8 9 |  9.1
Throwing       | 2 3 4 |  4.5
Conjurations   | 1 2 3 4 5 6 7 |  7.3
Earth Magic    | 1 2 3 4 5 6 |  6.2
Invocations    | 1 2 3 4 5 6 |  6.3
Armour         | 1 2 3 4 |  4.1
Shields        | 2 3 4 |  4.0
Air Magic      | 2 |  2.7
Necromancy     | 2 |  2.9
Evocations     | |  0.1

Action                   |  1- 3 |  4- 6 |  7- 9 | 10-12 | 13-15 || total
-------------------------+-------+-------+-------+-------+-------++-------
Melee: Dagger            |   114 |   130 |   282 |   263 |       ||   789
       Bite              |    29 |    37 |   106 |   230 |    74 ||   476
       Punch             |       |       |    11 |     3 |       ||    14
       Falchion          |       |       |     7 |   349 |   107 ||   463
       Double sword      |       |       |       |       |   124 ||   124
Throw: Dart              |       |    47 |    37 |    58 |       ||   142
       Boomerang         |       |       |       |    36 |     9 ||    45
 Cast: Stone Arrow       |       |       |       |    27 |    63 ||    90
Invok: Ancestor Life: He |       |       |     1 |       |       ||     1
       Recall Ancestor   |       |       |       |     1 |       ||     1
Evoke: Wand              |       |       |       |     4 |       ||     4
       Tin of tremorston |       |       |       |     1 |       ||     1
  Use: Scroll            |       |       |       |     7 |     2 ||     9
 Stab: Sleeping          |    15 |     4 |     9 |     2 |     2 ||    32
       Distracted        |       |       |     4 |     9 |     6 ||    19
       Confused          |       |       |     5 |    11 |     3 ||    19
Armor: Robe              |    29 |    25 |    53 |       |       ||   107
       Ice dragon scales |       |       |     6 |   303 |   100 ||   409
Dodge: Dodged            |    70 |    98 |   142 |   420 |   160 ||   890
Block: Buckler           |       |       |       |   109 |    40 ||   149

Table legend: (Time is in decaauts)
 A = Elapsed time spent in this place.
 B = Non-inter-level travel time spent in this place.
 C = Inter-level travel time spent in this place.
 D = Time resting spent in this place.
 E = Time spent auto-exploring this place.
 F = Levels seen in this place.
 G = Mean time per level.
                   A        B        C        D        E       F      G
               +--------+--------+--------+--------+--------+-----+--------+
         Total |  15836 |  14914 |    922 |    873 |  10443 |  16 |  989.8 |
       Dungeon |  10840 |  10012 |    828 |    873 |   6585 |  11 |  985.5 |
          Lair |   4996 |   4903 |     93 |      0 |   3857 |   5 |  999.2 |
               +--------+--------+--------+--------+--------+-----+--------+

Top non-repeatable levels by time:
     D:9: 1652 daAuts
  Lair:1: 1410 daAuts
     D:2: 1329 daAuts
    D:10: 1200 daAuts
  Lair:3: 1087 daAuts
  Lair:2: 1078 daAuts
     D:1: 983 daAuts
    D:11: 971 daAuts
  Lair:4: 946 daAuts
     D:6: 927 daAuts
     D:7: 849 daAuts
     D:8: 780 daAuts
     D:4: 754 daAuts
     D:5: 709 daAuts
     D:3: 680 daAuts
